 Dungeon Crawl Stone Soup version 0.17.0-25-gefc9c12 (webtiles) character file.

3575 M4edhros the Covert (level 10, 0/55 (56) HPs)
             Began as an Octopode Artificer on Nov 18, 2015.
             Was an Elder of Okawaru.
             Slain by a gnoll
             ... wielding a +0 halberd
              (17 damage)
             ... on level 8 of the Dungeon.
             The game lasted 00:20:39 (7360 turns).

M4edhros the Covert (Octopode Artificer)            Turns: 7360, Time: 00:20:39

HP:   0/55 (56)     AC:  1    Str: 16    XL:     10   Next: 10%
MP:   16/16         EV: 10    Int: 10    God:    Okawaru [****..]
Gold: 300           SH:  0    Dex: 18    Spells: 0 memorised, 9 levels left

rFire  . . .     SeeInvis .     J - +2 trident (pain)
rCold  . . .     Rnd*Rage +     (no shield)
rNeg   . . .     SustAt   +     (helmet restricted)
rPois  .         Gourm    .     h - amulet of regeneration
rElec  .         Spirit   .     f - ring of sustain attributes
rCorr  .         Warding  .     g - +5 ring of slaying
rMut   .         Stasis   .     z - +4 ring of dexterity
MR     +....                    i - +5 ring of strength (curse)
Stlth  +++++++...               (no ring)
                                (no ring)
                                (no ring)
                                (no ring)

@: held, somewhat resistant to hostile enchantments, extremely stealthy
A: almost no armour, amphibious, 8 rings, constrict 8, repulsion field 1,
camouflage 1, berserk 1, clumsy 1, dopey 2, frail 1, magic resistance 1,
gelatinous body 1
a: Heroism, Renounce Religion


You were on level 8 of the Dungeon.
You worshipped Okawaru.
Okawaru was greatly pleased with you.
You were very hungry.

You visited 2 branches of the dungeon, and saw 9 of its levels.

You collected 300 gold pieces.

Inventory:

Hand Weapons
 a - a +0 short sword
 J - a +2 trident of pain (weapon)
 P - a +2 spear of venom
 U - a +0 blowgun
Missiles
 k - 34 sling bullets
 m - 263 stones (quivered)
 H - 20 sling bullets of flame
Jewellery
 f - a ring of sustain attributes (left tentacle)
 g - a +5 ring of slaying (right tentacle)
 h - an amulet of regeneration (around mantle)
 i - a cursed +5 ring of strength (on tentacle)
 x - a cursed amulet of guardian spirit {unknown}
 z - a +4 ring of dexterity (on tentacle)
 Q - an uncursed amulet of clarity {unknown}
 V - an uncursed ring of protection from cold {unknown}
Wands
 b - a wand of flame (0)
 c - a wand of enslavement (11)
 d - a wand of random effects (6)
 K - a wand of cold (2)
 R - a wand of draining (10)
Scrolls
 j - 5 scrolls of remove curse
 n - 4 scrolls of enchant weapon {unknown}
 o - 3 scrolls of amnesia
 t - 3 scrolls of fog {unknown}
 v - 2 scrolls of teleportation
 y - 3 scrolls of fear
 A - 2 scrolls of magic mapping {unknown}
 B - 2 scrolls of blinking {unknown}
 E - a scroll of enchant armour {unknown}
 L - a scroll of recharging {unknown}
 N - a scroll of identify
 S - a scroll of noise {unknown}
 T - a scroll of vulnerability {unknown}
Potions
 p - 4 potions of degeneration
 q - a potion of might
 w - 4 potions of curing
 C - 2 potions of heal wounds {unknown}
 D - a potion of flight {unknown}
 F - a potion of magic {unknown}
 M - a potion of invisibility
 O - a potion of haste {unknown}
Books
 r - a book of Fire

   Spells                             Type                      Level
   a - Ignite Poison                  Fire/Transmutation/Poison    3
   b - Fireball                       Conjuration/Fire             5
   c - Bolt of Fire                   Conjuration/Fire             6
   d - Delayed Fireball               Conjuration/Fire             7
   e - Ring of Flames                 Charms/Fire                  7
 G - a book of the Sky

   Spells                             Type                      Level
   a - Summon Lightning Spire         Summoning/Air                4
   b - Airstrike                      Air                          4
   c - Silence                        Hexes/Air                    5
   d - Deflect Missiles               Charms/Air                   6
   e - Conjure Ball Lightning         Conjuration/Air              6
   f - Tornado                        Air                          9
Comestibles
 e - 6 bread rations
 l - 2 royal jellies
 s - 3 meat rations
 u - a beef jerky
 I - a slice of pizza


   Skills:
 + Level 3.9 Fighting
 - Level 1.0 Short Blades
 + Level 6.3 Dodging
 * Level 13.4 Stealth
 + Level 8.6 Evocations


You had 9 spell levels left.
You didn't know any spells.

Dungeon Overview and Level Annotations

Branches:
Dungeon (8/15)             Temple (1/1) D:5
   Lair: D:8-11

Altars:
Ashenzari
Cheibriados
Dithmenos
Fedhas
Gozag
Kikubaaqudgha
Makhleb
Nemelex Xobeh
Okawaru
Qazlal
Ru
Sif Muna
Vehumet
Xom
Yredelemnul
Zin
The Shining One

Annotations:
D:3 nht's ghost, amateur MiHu
D:7 Raultor's ghost, novice OpMo


Innate Abilities, Weirdness & Mutations

You cannot wear most types of armour.
You are amphibious.
You can wear up to eight rings at the same time.
You can use your tentacles to constrict eight enemies at once.
Your skin changes colour to match your surroundings (Stealth).
Your rubbery body absorbs attacks (AC +1).
You are surrounded by a mild repulsion field (EV +2).
You tend to lose your temper in combat.
You are clumsy. (Dex -2)
You are very dopey. (Int -4)
You are frail (-10% HP).
You are resistant to hostile enchantments.


Message History

The throwing net hits you.
You become entangled in the net!
The gnoll hits you with a spear!
Drink which item? (? for menu, Esc to quit)
Okay, then.
Evoke which item? (* to show all) (? for menu, Esc to quit)
Zapping:
c - a wand of enslavement (12)
Press: ? - help, Shift-Dir - straight line, f - ogre
Aim: an ogre, wielding a giant club (chance to defeat MR: 64%)
The ogre struggles to resist.
This wand has 11 charges left.
You constrict the gnoll.
You kill the gnoll!
Okawaru accepts your kill.
You struggle against the net.
You try to slip out of the net.
You try to slip out of the net.
The gnoll hits you from afar with a halberd!
You tear a large gash into the net.
The gnoll hits you from afar with a halberd!
You die...
Xom titters!

################ #
#..............# #
#.#####.###.##.##.
###.#####.# #.##.#.#
#.(@)...$.# #.#.....
#.#O####### #.#..#.#
# #g. ##.#..##. ....
#####.....###
................# #
#......#####.....# #
.......(.........###
.........#######.....
#.......


You could see an ogre and a gnoll.

Vanquished Creatures
  Maurice (D:8)
  A water moccasin (D:6)
  2 sky beasts
  A necrophage (D:5)
  An ice beast (D:5)
  A black bear (D:5)
  A phantom (D:7)
  An orc warrior (D:6)
  4 ogres
  A big kobold (D:8)
  7 giant frogs
  2 scorpions
  5 killer bees (D:7)
  2 crimson imps
  2 centaur zombies
  A quasit (D:4)
  8 orc priests
  4 hounds
  A giant frog skeleton (D:8)
  A jelly (D:8)
  5 orc wizards
  A centaur skeleton (D:7)
  6 worker ants
  4 iguanas
  A hound zombie (D:7)
  A hound skeleton (D:4)
  A worker ant zombie (D:6)
  13 adders
  3 gnolls (D:8)
  A shadow imp (D:6)
  A worm (D:3)
  21 orcs
  5 bats
  2 goblins
  4 hobgoblins
  7 kobolds
  4 quokkas
  5 giant cockroaches
  7 giant geckos
  A giant gecko skeleton (D:6)
  3 giant newts
  12 jackals
  A quokka skeleton (D:6)
  6 rats
162 creatures vanquished.

Vanquished Creatures (collateral kills)
  An orc priest (D:4)
1 creature vanquished.

Vanquished Creatures (others)
  An orc wizard (D:4)
  An orc (D:4)
2 creatures vanquished.

Grand Total: 165 creatures vanquished

Notes
Turn   | Place    | Note
--------------------------------------------------------------
     0 | D:1      | M4edhros the Octopode Artificer began the quest for the Orb.
     0 | D:1      | Reached XP level 1. HP: 13/13 MP: 3/3
   639 | D:1      | Reached XP level 2. HP: 18/18 MP: 4/4
  1100 | D:2      | Reached XP level 3. HP: 23/23 MP: 5/5
  1138 | D:2      | Reached skill level 4 in Stealth
  1185 | D:3      | Noticed nht's ghost (amateur MiHu)
  1310 | D:2      | Reached XP level 4. HP: 24/28 MP: 7/7
  1404 | D:3      | Found a shadowy altar of Dithmenos.
  1514 | D:4      | Reached skill level 5 in Stealth
  1543 | D:4      | Reached XP level 5. HP: 18/33 MP: 8/8
  1576 | D:4      | Reached skill level 6 in Stealth
  1634 | D:4      | Noticed an ogre
  1637 | D:4      | Killed an ogre
  1637 | D:4      | Reached skill level 7 in Stealth
  1637 | D:4      | Reached XP level 6. HP: 38/38 MP: 9/9
  1685 | D:4      | Reached skill level 5 in Evocations
  1797 | D:5      | Entered Level 5 of the Dungeon
  1848 | D:5      | Found a staircase to the Ecumenical Temple.
  1862 | Temple   | Entered the Ecumenical Temple
  2059 | Temple   | Became a worshipper of Xom of Chaos
  2095 | Temple   | Fell from the grace of Xom
  2095 | Temple   | Became a worshipper of Warmaster Okawaru
  2268 | D:2      | Found a burning altar of Makhleb.
  2362 | D:2      | Found a glowing silver altar of Zin.
  2363 | D:2      | Found an ancient bone altar of Kikubaaqudgha.
  2469 | D:2      | Reached skill level 8 in Stealth
  2681 | D:3      | XOM: give mutations
  2681 | D:3      | Gained mutation: You are dopey. (Int -2) [Xom's mischief]
  2681 | D:3      | Gained mutation: You passively map a small area around you. [Xom's mischief]
  2681 | D:3      | Gained mutation: You occasionally shout uncontrollably at your foes. [Xom's mischief]
  2681 | D:3      | Lost mutation: You passively map a small area around you. [Xom's mischief]
  2714 | D:3      | Reached XP level 7. HP: 26/43 MP: 11/11
  2724 | D:3      | XOM: summons 3 hostile shadow creatures
  3049 | D:4      | XOM: give mutations
  3049 | D:4      | Lost mutation: You occasionally shout uncontrollably at your foes. [Xom's mischief]
  3049 | D:4      | Gained mutation: You are resistant to hostile enchantments. [Xom's mischief]
  3049 | D:4      | Gained mutation: You tend to lose your temper in combat. [Xom's mischief]
  3315 | D:4      | XOM: give mutations
  3315 | D:4      | Gained mutation: You are very dopey. (Int -4) [Xom's mischief]
  3315 | D:4      | Gained mutation: You are frail (-10% HP). [Xom's mischief]
  3315 | D:4      | Gained mutation: You are clumsy. (Dex -2) [Xom's mischief]
  3480 | D:5      | Reached * piety under Okawaru
  3480 | D:5      | Reached skill level 9 in Stealth
  3750 | D:5      | Reached XP level 8. HP: 38/42 MP: 12/12
  3824 | D:5      | Reached skill level 10 in Stealth
  3855 | D:5      | Reached ** piety under Okawaru
  4332 | D:5      | Found a deep blue altar of Sif Muna.
  4434 | D:5      | XOM: medium Erth miscast
  4556 | D:6      | Reached skill level 11 in Stealth
  4584 | D:6      | Gained mutation: You are surrounded by a mild repulsion field (EV +2). [mutagenic meat]
  4940 | D:6      | Reached XP level 9. HP: 46/46 MP: 14/14
  4958 | D:6      | Reached *** piety under Okawaru
  5448 | D:6      | Reached skill level 12 in Stealth
  5515 | D:6      | XOM: noise
  5588 | D:6      | XOM: mild Air miscast
  5692 | D:6      | Reached skill level 5 in Dodging
  5781 | D:7      | XOM: medium Chrm miscast
  6052 | D:7      | Noticed Raultor's ghost (novice OpMo)
  6195 | D:7      | XOM: noise
  6424 | D:7      | XOM: noise
  6641 | D:7      | XOM: harmless Ice miscast
  6879 | D:7      | XOM: noise
  7007 | D:8      | Noticed Maurice
  7024 | D:8      | Killed Maurice
  7024 | D:8      | Reached **** piety under Okawaru
  7024 | D:8      | Reached skill level 13 in Stealth
  7138 | D:8      | Found a stormy altar of Qazlal.
  7236 | D:8      | Reached XP level 10. HP: 51/55 MP: 16/16
  7360 | D:8      | Slain by a gnoll

Action                   |  1- 3 |  4- 6 |  7- 9 | 10-12 || total
-------------------------+-------+-------+-------+-------++-------
Melee: Short sword       |    37 |    51 |   149 |       ||   237
       Trident           |       |       |    67 |    28 ||    95
Throw: Stone             |       |       |     9 |       ||     9
Evoke: Wand              |     1 |    14 |    15 |     1 ||    31
  Use: Potion            |       |     2 |     5 |       ||     7
       Scroll            |       |       |     6 |       ||     6
 Stab: Sleeping          |    11 |     7 |    33 |     4 ||    55
       Distracted        |       |       |     2 |       ||     2
  Eat: Chunk             |     1 |     5 |    19 |       ||    25
